 Dungeon Crawl Stone Soup version 0.28.0-45-g0d030f2227 (webtiles) character file.

Game seed: 15070526879713947922

145 101zpm the Magician (level 5, -2/35 HPs)
             Began as a Djinni Ice Elementalist on Apr 12, 2022.
             Slain by a water moccasin (5 damage)
             ... on level 4 of the Dungeon.
             The game lasted 00:08:12 (4327 turns).

101zpm the Magician (Djinni Ice Elementalist)       Turns: 4327, Time: 00:08:13

Health: -2/35      AC:  3    Str:  7    XL:     5   Next: 53%
Gold:   89         EV: 12    Int: 19    God:
                   SH:  0    Dex: 13

rFire   + + .      SeeInvis .   h - +6 whip of Exceptional Absolution {elec, rPois}
rCold   x . .      Faith    .   (no shield)
rNeg    . . .      Spirit   .   a - +0 robe
rPois   ∞          Reflect  .   (no helmet)
rElec   .          Harm     .   (no cloak)
rCorr   .          Rampage  .   d - +0 pair of gloves
Will    .....                   (boots unavailable)
Stlth   ++........              (no amulet)
HPRegen 0.11/turn               (no ring)
MPRegen 0.00/turn               (no ring)

@: flying
A: sickness immunity, fire resistance 2, cold vulnerability 1, float, innate
caster, HP casting, extra vitality 1
a: no special abilities


You were on level 4 of the Dungeon.
You visited 1 branch of the dungeon, and saw 4 of its levels.

You collected 89 gold pieces.

Inventory:

Hand Weapons
 h - the +6 whip of Exceptional Absolution (weapon) {elec, rPois}
   (You found it on level 2 of the Dungeon)

   It occasionally discharges a powerful burst of electricity upon striking a
   foe.
   rPois:     It protects you from poison.
Missiles
 m - 77 stones
 n - 4 boomerangs
 o - 23 sling bullets
 s - 4 atropa-tipped darts
Armour
 a - a +0 robe (worn)
 d - a +0 pair of gloves (worn)
Scrolls
 c - 2 scrolls of vulnerability {unknown}
 e - a scroll of holy word {unknown}
 f - a scroll of enchant weapon {unknown}
 i - a scroll of enchant armour {unknown}
 k - 2 scrolls of blinking {unknown}
 r - a scroll of teleportation {unknown}
 t - a scroll of identify {unknown}
Potions
 b - a potion of heal wounds {unknown}
 g - a potion of lignification {unknown}
 j - a potion of flight {unknown}
 l - a potion of brilliance {unknown}
 p - 2 potions of might {unknown}
 q - a potion of haste {unknown}


   Skills:
 + Level 0.2 Fighting
 + Level 0.7 Maces & Flails
 + Level 2.9 Dodging
 + Level 1.8 Stealth
 + Level 4.6 Spellcasting


You couldn't memorise any spells.
You knew the following spells:

 Your Spells              Type           Power      Damage    Failure   Level
a - Freeze                Ice            84%        1d10      1%          1
b - Frozen Ramparts       Ice            42%        1d6       6%          3
c - Ozocubu's Armour      Ice            21%        N/A       6%          3
d - Hailstorm             Conj/Ice       21%        3d6       19%         4
e - Shock                 Conj/Air       84%        1d8       1%          1
f - Ensorcelled Hibernat  Hex/Ice        42%        N/A       3%          2
Your spell library was empty.

Dungeon Overview and Level Annotations

Branches:
Dungeon (4/15)
 Temple: D:4-7

Altars:

Annotations:
D:4 1 runed translucent door


Innate Abilities, Weirdness & Mutations

You are immune to sickness and miasma.
You are immune to poison.
Your flesh is very heat resistant. (rF++)
You are vulnerable to cold. (rC-)
You float through the air rather than walking.
You learn spells naturally, not from books.
Your magical power is your life essence.
You have superior vitality. (+4 MHP)


Message History

You miss the water moccasin.
The water moccasin is moderately wounded.
The water moccasin closely misses you. The water moccasin bites you.
You closely miss the water moccasin.
The water moccasin is lightly wounded.
The water moccasin bites you but does no damage.
You closely miss the water moccasin.
The water moccasin is lightly wounded.
The water moccasin bites you but does no damage.
The water moccasin bites you!
You are too injured to fight recklessly!
You are too injured to fight recklessly!
You are too injured to fight recklessly!
You are too injured to fight recklessly!
You are too injured to fight recklessly!
You are too injured to fight recklessly!
Casting: Freeze (safe; 1% risk of failure)
Confirm with . or Enter, or press ? or * to list all spells.
Casting: Frozen Ramparts (dangerous; 6% risk of failure)
Press: ? - help, Dir - look around, f - activate You miscast Frozen Ramparts.
You are very lightly contaminated with residual magic.
Nothing appears to happen.
The water moccasin barely misses you.
The orc hits you with a +1 dagger of venom.
* * * LOW HITPOINT WARNING * * *
The water moccasin closely misses you.
The orc hits you with a +1 dagger of venom.
* * * LOW HITPOINT WARNING * * *
The orc hits you with a +1 dagger of venom.
* * * LOW HITPOINT WARNING * * *
The water moccasin bites you.
* * * LOW HITPOINT WARNING * * *
The water moccasin misses you.
There is a broken door here.
Your magical contamination has completely faded away.
The water moccasin misses you. The water moccasin barely misses you.
The water moccasin closely misses you. The water moccasin bites you.
You die...

#.(..+...###.....###...'.
#....#....###.....###s.#.
....#.....###.....###.#.
###....##.....###.....####.
#<# #.###.....###.....###.
#.# #.#####)#######'####..
#.# #.........g..g........
#.#######.##..##....##.####
#.........@SB.o.g...# .#
#################.#.# .#
#.#.# # #...# #...# ....#
.#### .+FS


You could see a water moccasin, an orc, a giant cockroach, a hobgoblin and a
goblin.

Vanquished Creatures
  3 gnolls (D:3)
  3 adders (D:2)
  A worm (D:2)
  4 dart slugs
  6 ball pythons
  3 bats (D:1)
  6 endoplasms
  6 giant cockroaches
  9 goblins
  4 hobgoblins
  5 jackals (D:1)
  6 kobolds
  4 quokkas
  6 frilled lizards
  6 rats
72 creatures vanquished.

Notes
Turn   | Place    | Note
-------+----------+-------------------------------------------
     0 | D:1      | 101zpm the Djinni Ice Elementalist began the quest for the
                  | Orb.
     0 | D:1      | Reached XP level 1. HP: 15/15 MP: 0/0
   293 | D:1      | Reached XP level 2. HP: 16/21 MP: 0/0
   862 | D:1      | Reached XP level 3. HP: 23/25 MP: 0/0
   862 | D:1      | Learned a level 1 spell: Shock
  1098 | D:1      | Reached skill level 4 in Spellcasting
  1927 | D:2      | Reached XP level 4. HP: 29/31 MP: 0/0
  2306 | D:2      | Identified the +6 whip of Exceptional Absolution {elec,
                  | rPois}
  2756 | D:2      | Reached XP level 5. HP: 31/35 MP: 0/0
  2756 | D:2      | Learned a level 2 spell: Ensorcelled Hibernation
  2944 | D:2      | Found a faded altar of an unknown god.
  4287 | D:4      | Noticed a water moccasin
  4294 | D:4      | Found a runed translucent door.
  4320 | D:4      | Noticed a bullfrog
  4327 | D:4      | Slain by a water moccasin

Illustrated notes

Levels and vault maps discovered:
D:1:      matt_arrival_diagonals, layout_loops_ring, st_stairs_10
D:2:      layout_loops_corners, shapermc_ecumenical_altar_mp_ritualfount,
          nrook_mini_vaults, minmay_misc_feat_more_columns, minmay_mini_jars
D:3:      layout_basic, feat_on_display
D:4:      black_bear_nest_2, layout_basic, ebering_ghost_sewer_d,
          minmay_quadrilaterals, uniq_ijyb

Skill      XL: |  1  2  3 |
---------------+----------+-----
Spellcasting   | 4 |  4.6
Fighting       | |  0.2
Maces & Flails | |  0.7
Dodging        | |  2.9
Stealth        | |  1.8

Action                   |  1- 3 |  4- 6 || total
-------------------------+-------+-------++-------
Melee: Unarmed           |     5 |     1 ||     6
       Whip              |       |    58 ||    58
 Cast: Freeze            |    55 |    30 ||    85
       Frozen Ramparts   |       |     1 ||     1
 Stab: Distracted        |       |     2 ||     2
Armor: Robe              |     8 |    23 ||    31
Dodge: Dodged            |    29 |    47 ||    76
